 Dungeon Crawl Stone Soup version 0.19-a0-1057-g15bb84d (webtiles) character file.

80 4thArraOfDagon the Skirmisher (level 3, 1/31 HPs)
             Began as a Demigod Wanderer on Aug 2, 2016.
             Quit the game on level 4 of the Dungeon.
             The game lasted 00:03:51 (873 turns).

4thArraOfDagon the Skirmisher (Demigod Wanderer)     Turns: 873, Time: 00:03:51

Health: 1/31       AC:  9    Str: 14    XL:     3   Next: 98%
Magic:  6/6        EV:  9    Int: 19    God:
Gold:   71         SH:  0    Dex: 15    Spells: 0 memorised, 4 levels left

rFire  . . .     SeeInvis .     e - +0 short sword (curse)
rCold  . . .     Gourm    .     a - +3 scale mail
rNeg   . . .     Faith    .     (no shield)
rPois  .         Spirit   .     (no helmet)
rElec  .         Dismiss  .     (no cloak)
rCorr  .         Reflect  .     (no gloves)
SustAt +         Harm     .     (no boots)
MR     .....                    (no amulet)
Stlth  ..........               (no ring)
                                (no ring)

@: lethally poisoned (1 -> -3), not resistant to hostile enchantments, extremely
unstealthy
A: high mp 1, sustain attributes
a: no special abilities


You were on level 4 of the Dungeon.
You were not hungry.

You visited 1 branch of the dungeon, and saw 4 of its levels.

You collected 71 gold pieces.

Inventory:

Hand Weapons
 b - a +0 hand crossbow
 e - a cursed +0 short sword (weapon)
 i - a +0 spear
Missiles
 c - 71 bolts
Armour
 a - a +3 scale mail (worn)
Comestibles
 f - 2 bread rations


   Skills:
 + Level 3.6 Fighting
 - Level 2.0 Crossbows
 - Level 1.7 Armour
 - Level 1.0 Stealth
 - Level 1.0 Spellcasting
   Level 1.0 Air Magic
   Level 1.0 Earth Magic
   Level 1.0 Evocations


You had 4 spell levels left.
You didn't know any spells.

Dungeon Overview and Level Annotations

Branches:
Dungeon (4/15)
 Temple: D:4-7


Innate Abilities, Weirdness & Mutations

You have an increased reservoir of magic. (+10% MP)
Your attributes are resistant to harm.


Message History

The worker ant misses you. The worker ant bites you.
You are poisoned.
The worker ant poisons you!
You hit the worker ant but do no damage.
The worker ant is heavily wounded.
You feel sick. The worker ant closely misses you.
You hit the worker ant.
The worker ant is severely wounded.
You feel sick. The worker ant closely misses you.
You hit the worker ant.
The worker ant is severely wounded.
The worker ant bites you but does no damage.
The worker ant bites you.
* * * LOW HITPOINT WARNING * * *
You closely miss the worker ant.
The worker ant is severely wounded.
You feel sick. The worker ant bites you.
* * * LOW HITPOINT WARNING * * *
Unknown command.
Are you sure you want to abandon this character and quit the game? (Confirm with "yes".)

## ### .# ..# .# #####.#
## . .# #...#.# .# .. .#
#.#.#.# .# ... .#
#.#s#?# .# .... .#
#.#.#.# .#...
.#.#.#<#.#.######..#####
............olsa@.......
.#.#.....#.#######.####.
.#.#######.# # .... ...
..... ##... ..... #....
o.... #...[. s....
######.


You could see an iguana, a worker ant, an orc and a giant cockroach.

Vanquished Creatures
  A worker ant (D:4)
  3 adders
  An ooze (D:2)
  A dart slug (D:2)
  A giant gecko (D:1)
  3 bats
  4 giant cockroaches
  5 goblins
  2 hobgoblins (D:2)
  A jackal (D:2)
  A kobold (D:1)
23 creatures vanquished.

Notes
Turn   | Place    | Note
-------+----------+-------------------------------------------
     0 | D:1      | 4thArraOfDagon the Demigod Wanderer began the quest for the Orb.
     0 | D:1      | 4thArraOfDagon set off with: a +2 scale mail, a +0 hand crossbow, 25 bolts, a potion of lignification, a bread ration
     0 | D:1      | Reached XP level 1. HP: 17/17 MP: 4/4
   252 | D:2      | Reached XP level 2. HP: 22/24 MP: 5/5
   272 | D:2      | Reached skill level 2 in Fighting
   278 | D:2      | Found a snail-covered altar of Cheibriados.
   556 | D:3      | Reached XP level 3. HP: 18/30 MP: 6/6
   673 | D:2      | Reached skill level 3 in Fighting
   872 | D:4      | HP: 1/31 [worker ant (4)]
   873 | D:4      | Quit the game

Vault maps used:
D:1:      dpeg_arrival_solitude, serial_curves, eino_curves_01, eino_curves_04
D:2:      cheibriados_altar_1
D:3:      lightli_sewer_entry_pipes, bloody_makhleb
D:4:      first_bread

Skill      XL: |  1  2  3 |
---------------+----------+-----
Crossbows      | 2 |  2.0
Fighting       | 2 3 |  3.6
Armour         | |  1.7
Stealth        | |  1.0
Spellcasting   | |  1.0
Air Magic      | |  1.0
Earth Magic    | |  1.0
Evocations     | |  1.0

Action                   || total
-------------------------++-------
Melee: Short sword       ||   133
 Fire: Hand crossbow     ||     9
  Use: Scroll            ||     6
       Potion            ||     7
Armor: Scale mail        ||    50
       Skin              ||    66
Dodge: Dodged            ||    74
